 Dungeon Crawl Stone Soup version 0.28.0 (webtiles) character file.

Game seed: 1711404140797159163

107 sanka the Magician (level 4, -1/24 HPs)
             Began as a Deep Elf Transmuter on Feb 8, 2022.
             Killed from afar by Natasha (7 damage)
             ... with a magic dart
             ... on level 3 of the Dungeon.
             The game lasted 00:04:58 (3450 turns).

sanka the Magician (Deep Elf Transmuter)            Turns: 3450, Time: 00:05:00

Health: -1/24      AC:  3    Str:  7    XL:     4   Next: 56%
Magic:  8/14       EV: 12    Int: 20    God:
Gold:   118        SH:  0    Dex: 15    Spells: 8/15 levels left

rFire   . . .      SeeInvis .   f - +0 dagger (venom)
rCold   . . .      Faith    .   (no shield)
rNeg    . . .      Spirit   .   a - +0 robe
rPois   .          Reflect  .   c - +0 helmet
rElec   .          Harm     .   (no cloak)
rCorr   .          Rampage  .   (no gloves)
Will    .....                   (no boots)
Stlth   +.........              (no amulet)
HPRegen 0.08/turn               (no ring)
MPRegen 0.14/turn               (no ring)

@: no status effects
A: no striking features
a: no special abilities


You were on level 3 of the Dungeon.
You visited 1 branch of the dungeon, and saw 3 of its levels.

You collected 118 gold pieces.

Inventory:

Hand Weapons
 f - a +0 dagger of venom (weapon)
Armour
 a - a +0 robe (worn)
 c - a +0 helmet (worn)
Jewellery
 i - a +4 ring of protection
Scrolls
 b - 2 scrolls of identify {unknown}
 d - a scroll of summoning {unknown}
Potions
 e - a potion of degeneration {unknown}
 g - a potion of might {unknown}
 h - a potion of attraction {unknown}


   Skills:
 - Level 0.7 Fighting
 - Level 2.4 Dodging
 - Level 2.4 Unarmed Combat
 - Level 6.0 Spellcasting
 - Level 2.1 Transmutations
 + Level 2.0 Fire Magic


You had 8 spell levels left.
You knew the following spells:

 Your Spells              Type           Power      Damage    Failure   Level
a - Beastly Appendage     Tmut           28%        N/A       4%          1
b - Scorch                Fire           28%        2d6       7%          2
c - Flame Wave            Conj/Fire      10%        2d5       56%         4

Your spell library contained the following spells:

 Spells                   Type           Power      Damage    Failure   Level
 Wereblood                Tmut           14%        N/A       6%          2
 Spider Form              Tmut/Pois      10%        N/A       21%         3
 Ice Form                 Ice/Tmut       10%        N/A       54%         4
 Summon Forest            Summ/Tloc      3%         N/A       96%         5
 Eringya's Noxious Bog    Tmut/Pois      5%         N/A       100%        6
 Summon Cactus Giant      Summ           3%         N/A       100%        6
 Summon Hydra             Summ           3%         N/A       100%        7


Dungeon Overview and Level Annotations

Branches:
Dungeon (3/15)

Altars:

Annotations:
D:1 exclusion: gnoll
D:2 1 runed translucent door, Crazy Yiuf, Robin
D:3 Natasha


Message History

Your transformation is almost over.
Magic restored.
You start resting.
You feel yourself speed up.
You start resting.
Your horns disappear.
Your talons disappear.
Your +0 helmet unmelds from your body.
You start resting.
HP restored.
Found a +0 club.
Natasha, Servant of Life and Death comes into view.
Natasha hisses angrily.
Natasha stares at you and mumbles some strange words.
The magic dart hits you!
Natasha casts a spell.
You start resting.
Natasha is nearby!
Casting: Scorch (safe; 7% risk of failure)
Confirm with . or Enter, or press ? or * to list all spells.
Flames lash Natasha.
Natasha is heavily wounded.
Natasha's fire resistance burns away.
Natasha claws you.
Unknown command.
Casting: Scorch (safe; 7% risk of failure)
Confirm with . or Enter, or press ? or * to list all spells.
Flames lash Natasha.
Natasha is burned terribly!
Natasha is almost dead.
Natasha closely misses you. Natasha casts a spell at you.
The magic dart hits you.
* * * LOW HITPOINT WARNING * * *
Casting: Scorch (safe; 7% risk of failure)
Confirm with . or Enter, or press ? or * to list all spells.
Flames lash the white imp.
The white imp is burned terribly!
You kill the white imp!
The white imp disappears in a puff of smoke!
Natasha casts a spell at you. The magic dart hits you!
You die...

###....####.#
#......(..#.#
#.#<...##.#.#
######.#.......#.# ##
............####.## ...
...........###....# ....
..................# .....
.......##....#....##......
†............#.h@..÷......
.#######.....#§#######+###
.##### .....#.#
.#...#########.#
.#.......#...#.#
.#...........#h# .
)#...........#.####....
.#...............)'....
.#...........#5####h...


You could see Natasha (combustible).

Vanquished Creatures
  Terence (D:2)
  Natasha (D:3)
  A worm (D:2)
  3 dart slugs
  2 orcs (D:3)
  3 endoplasms
  A giant cockroach (D:1)
  8 goblins (D:2)
  7 hobgoblins
  A quokka (D:1)
  5 ball pythons
  A frilled lizard (D:1)
  6 kobolds (D:1)
  3 rats (D:1)
43 creatures vanquished.

Notes
Turn   | Place    | Note
-------+----------+-------------------------------------------
     0 | D:1      | sanka the Deep Elf Transmuter began the quest for the Orb.
     0 | D:1      | Reached XP level 1. HP: 11/11 MP: 6/6
   169 | D:1      | Reached skill level 4 in Spellcasting
   169 | D:1      | Reached XP level 2. HP: 11/16 MP: 7/9
  1066 | D:2      | Noticed Terence
  1083 | D:2      | Reached XP level 3. HP: 12/20 MP: 11/11
  1236 | D:2      | Reached skill level 5 in Spellcasting
  1522 | D:2      | Killed Terence
  1962 | D:2      | Found a faded altar of an unknown god.
  1982 | D:2      | Reached XP level 4. HP: 3/24 MP: 13/13
  1990 | D:2      | Identified the +6 whip "Byoph" {vamp, rElec rPois Int-3}
  1990 | D:2      | Noticed Robin
  2349 | D:2      | Reached skill level 6 in Spellcasting
  2352 | D:2      | Learned a level 2 spell: Scorch
  2357 | D:2      | Learned a level 4 spell: Flame Wave
  2816 | D:2      | Found a runed translucent door.
  2817 | D:2      | Noticed Crazy Yiuf
  3059 | D:3      | Reached skill level 1 in Fire Magic
  3160 | D:3      | Noticed Natasha
  3170 | D:3      | Killed Natasha
  3432 | D:3      | Noticed Natasha
  3450 | D:3      | Killed from afar by Natasha

Illustrated notes

Levels and vault maps discovered:
D:1:      mainiacjoe_arrival_reflecting_pool, layout_basic
D:2:      layout_basic, basic_ecumenical_altar, uniq_robin, uniq_terence,
          uniq_crazy_yiuf_cottage
D:3:      layout_basic, mainiacjoe_overflow_surrounded_room, uniq_natasha

Skill      XL: |  1  2  3  4 |
---------------+-------------+-----
Spellcasting   | 4 5 6 |  6.0
Fire Magic     | 2 |  2.0
Fighting       | |  0.7
Dodging        | |  2.4
Unarmed Combat | |  2.4
Transmutations | |  2.1

Action                   |  1- 3 |  4- 6 || total
-------------------------+-------+-------++-------
Melee: Unarmed           |    52 |       ||    52
       Headbutt          |    17 |     1 ||    18
       Kick              |    20 |     3 ||    23
       Dagger            |    45 |    26 ||    71
 Cast: Beastly Appendage |    15 |     4 ||    19
       Scorch            |       |     4 ||     4
 Stab: Sleeping          |     1 |       ||     1
Armor: Robe              |     5 |     2 ||     7
Dodge: Dodged            |    52 |     6 ||    58
